 Dungeon Crawl Stone Soup version 0.28-a0-512-g960c72b710 (webtiles) character file.

Game seed: 13442479977770781137

70 Lekart the Skirmisher (level 4, -1/41 HPs)
             Began as a Draconian Chaos Knight on Sept 22, 2021.
             Was a Plaything of Xom.
             Slain by Natasha (7 damage)
             ... on level 2 of the Dungeon.
             The game lasted 00:02:24 (2079 turns).

Lekart the Skirmisher (Draconian Chaos Knight)      Turns: 2079, Time: 00:02:25

Health: -1/41      AC:  5    Str: 12    XL:     4   Next: 3%
Magic:  4/4        EV: 12    Int: 13    God:    Xom [.*....]
Gold:   121        SH:  0    Dex: 11    Spells: 3/3 levels left

rFire   . . .      SeeInvis .   a - +0 falchion (chaos)
rCold   . . .      Faith    .   (no shield)
rNeg    . . .      Spirit   .   (armour unavailable)
rPois   .          Reflect  .   (helmet restricted)
rElec   .          Harm     .   (no cloak)
rCorr   .          Rampage  .   (no gloves)
Will    .....                   (no boots)
Stlth   +.........              (no amulet)
HPRegen 0.13/turn               (no ring)
MPRegen 0.09/turn               (no ring)

@: studying Maces & Flails
A: AC +5, unfitting armour, cold-blooded, screaming 1, weak 1
a: Renounce Religion


You were on level 2 of the Dungeon.
You worshipped Xom.
You were a plaything of Xom.
You visited 1 branch of the dungeon, and saw 2 of its levels.

You collected 121 gold pieces.

Inventory:

Hand Weapons
 a - a +0 falchion of chaos (weapon)
Jewellery
 j - a ring of ice
Scrolls
 e - a scroll of fear {unknown}
 f - a scroll of immolation {unknown}
Potions
 b - 3 potions of lignification
 c - a potion of might {unknown}
 d - a potion of heal wounds {unknown}
 g - 2 potions of curing {unknown}
 i - a potion of ambrosia {unknown}


   Skills:
 * Level 4.3 Fighting
 + Level 3.8 Long Blades
 + Level 2.5 Dodging


You had 3 spell levels left.
You didn't know any spells.
Your spell library was empty.

Dungeon Overview and Level Annotations

Branches:
Dungeon (2/15)

Altars:
Xom

Shops:
D:1 !!=

Annotations:
D:2 1 runed translucent door, Crazy Yiuf, Natasha


Innate Abilities, Weirdness & Mutations

Your plain brown scales are hard. (AC +5)
You cannot fit into any form of body armour.
You are cold-blooded and may be slowed by cold attacks.
You occasionally shout uncontrollably at your foes.
You are weak. (Str -2)


Message History

Natasha is severely wounded.
Natasha claws you.
You closely miss Natasha.
Natasha is severely wounded.
Natasha claws you.
You barely miss Natasha.
Natasha is severely wounded.
Natasha claws you but does no damage.
You hit Natasha but do no damage.
Natasha is severely wounded.
Natasha claws you.
You are too injured to fight recklessly!
You are too injured to fight recklessly!
You are too injured to fight recklessly!
You are too injured to fight recklessly!
You are too injured to fight recklessly!
You are too injured to fight recklessly!
You are too injured to fight recklessly!
You are too injured to fight recklessly!
You are too injured to fight recklessly!
You are too injured to fight recklessly!
You are too injured to fight recklessly!
You are too injured to fight recklessly!
You are too injured to fight recklessly!
You are too injured to fight recklessly!
You closely miss Natasha.
You tail-slap Natasha, but do no damage.
Natasha is severely wounded.
Natasha closely misses you.
Natasha mumbles some strange words.
You barely miss Natasha.
Natasha is severely wounded.
Natasha claws you.
You hit Natasha but do no damage.
Natasha is severely wounded.
The white imp gestures at you. The puff of frost hits you!
* * * LOW HITPOINT WARNING * * *
Natasha claws you!
You die...

.....#............#...#
#....
.....#..........).#...#
#.###
.....#............#...##
#.#
...........#...........#
#.#
...........#...........#
#.#
...........#####.......###
#.# ####.##....#
#...†.....# #.#
#....####.## ##.>.......#
#.#
......###.#####.@........##
#.#
......†........h...........
#.#
.#.............5...........
#.#
...........................
#.#
......................#####
#.# ......................#
#.# ...................####
#.# .################.##
#.# ..................# #.#


You could see Natasha (resistant) and a white imp (summoned).

Vanquished Creatures
  Natasha (D:2)
  An adder (D:2)
  A dart slug (D:2)
  3 ball pythons (D:1)
  7 endoplasms
  3 goblins (D:1)
  4 hobgoblins
  2 quokkas (D:1)
  A bat (D:1)
  A frilled lizard (D:1)
  3 kobolds (D:1)
  4 rats (D:1)
31 creatures vanquished.

Notes
Turn   | Place    | Note
-------+----------+-------------------------------------------
     0 | D:1      | Lekart the Draconian Chaos Knight began the quest for the
                  | Orb.
     0 | D:1      | Reached XP level 1. HP: 19/19 MP: 1/1
   111 | D:1      | XOM: divination: detect items
   148 | D:1      | Reached XP level 2. HP: 20/27 MP: 2/2
   304 | D:1      | XOM: noise
   474 | D:1      | Found Voitast's Distillery.
   494 | D:1      | Reached skill level 4 in Fighting
   646 | D:1      | XOM: confusion (+ monsters)
   685 | D:1      | Found Regosov's Jewellery Emporium.
   719 | D:1      | Reached XP level 3. HP: 33/33 MP: 3/3
   772 | D:1      | XOM: scenery: create altars
   961 | D:1      | Found Tioczo's Distillery.
  1193 | D:2      | Noticed Natasha
  1201 | D:2      | XOM: silly message
  1205 | D:2      | Killed Natasha
  1351 | D:2      | XOM: 3-stop teleportation journey
  1399 | D:2      | XOM: 4-stop teleportation journey
  1568 | D:2      | Found a runed translucent door.
  1569 | D:2      | Noticed Crazy Yiuf
  1655 | D:2      | XOM: silly message
  1678 | D:2      | Identified a scroll of acquirement
  1678 | D:2      | Acquired a manual of Maces & Flails
  2051 | D:2      | XOM: give mutations
  2051 | D:2      | Gained mutation: You sometimes lose the ability to read
                  | scrolls when taking damage. [Xom's mischief]
  2051 | D:2      | Gained mutation: You occasionally shout uncontrollably at
                  | your foes. [Xom's mischief]
  2051 | D:2      | Gained mutation: You are weak. (Str -2) [Xom's mischief]
  2051 | D:2      | Lost mutation: You sometimes lose the ability to read
                  | scrolls when taking damage. [Xom's mischief]
  2057 | D:2      | Reached XP level 4. HP: 31/41 MP: 4/4
  2064 | D:2      | Noticed Natasha
  2069 | D:2      | XOM: enchant monster (bad)
  2079 | D:2      | Slain by Natasha

Illustrated notes

Levels and vault maps discovered:
D:1:      minmay_arrival_semitransparent, layout_basic, serial_shops,
          shop_coins, nicolae_square_shop, shop_statue, minmay_tiny_reverse_x
D:2:      layout_basic, minmay_pentomino_p2, uniq_crazy_yiuf_cottage,
          uniq_natasha

Skill      XL: |  1  2 |
---------------+-------+-----
Fighting       | 4 |  4.3
Long Blades    | |  3.8
Dodging        | |  2.5

Action                   |  1- 3 |  4- 6 || total
-------------------------+-------+-------++-------
Melee: Falchion          |    80 |    12 ||    92
       Tailslap          |    11 |     1 ||    12
  Use: Scroll            |     4 |       ||     4
 Stab: Confused          |     1 |       ||     1
Armor: Skin              |    21 |     1 ||    22
Dodge: Dodged            |    68 |     5 ||    73

Table legend: (Time is in decaauts)
 A = Elapsed time spent in this place.
 B = Non-inter-level travel time spent in this place.
 C = Inter-level travel time spent in this place.
 D = Time resting spent in this place.
 E = Time spent auto-exploring this place.
 F = Levels seen in this place.
 G = Mean time per level.
                   A        B        C        D        E       F      G
               +--------+--------+--------+--------+--------+-----+--------+
         Total |   2103 |   2057 |     46 |    201 |   1603 |   2 | 1051.5 |
       Dungeon |   2103 |   2057 |     46 |    201 |   1603 |   2 | 1051.5 |
               +--------+--------+--------+--------+--------+-----+--------+

Top non-repeatable levels by time:
     D:1: 1088 daAuts
     D:2: 1014 daAuts
